 Dungeon Crawl Stone Soup version 0.20.1-1-g8b1a95d (console) character file.

540 hilaritas the Chiller (level 7, -2/36 HPs)
             Began as a Deep Elf Ice Elementalist on Aug 27, 2017.
             Was an Initiate of Vehumet.
             Killed from afar by an orc wizard (3 damage)
             ... with a puff of flame
             ... on level 5 of the Dungeon.
             The game lasted 00:15:28 (5233 turns).

hilaritas the Chiller (Deep Elf Ice Elementalist)   Turns: 5233, Time: 00:15:29

Health: -2/36      AC: 12    Str:  7    XL:     7   Next: 5%
Magic:  8/18       EV: 13    Int: 20    God:    Vehumet [......]
Gold:   272        SH:  0    Dex: 15    Spells: 4/18 levels left

rFire    + . .     SeeInvis .   w - +3 dagger (speed)
rCold    . . .     Gourm    .   (no shield)
rNeg     . . .     Faith    .   a - +0 robe
rPois    .         Spirit   .   y - +0 helmet
rElec    .         Reflect  .   x - +0 cloak
rCorr    .         Harm     .   n - +1 pair of gloves
MR       .....                  (no boots)
Stlth    ++........             (no amulet)
Regen    0.2/turn               s - ring of protection from fire
MPRegen  0.2/turn               (no ring)

@: icy armour (expiring), slow
A: no striking features
a: Renounce Religion


You were on level 5 of the Dungeon.
You worshipped Vehumet.
Vehumet was noncommittal.
You were hungry.

You visited 1 branch of the dungeon, and saw 5 of its levels.

You collected 272 gold pieces.

Inventory:

Hand Weapons
 w - a +3 dagger of speed (weapon)
Missiles
 l - 143 stones (quivered)
 u - 33 arrows
Armour
 a - a +0 robe (worn)
 k - a +0 large shield
 n - a +1 pair of gloves (worn)
 x - a +0 cloak (worn)
 y - a +0 helmet (worn)
Jewellery
 s - a ring of protection from fire (left hand)
Wands
 j - a wand of digging (18/24)
 C - a wand of paralysis (12/24)
Scrolls
 f - 2 scrolls of identify
 h - a scroll of teleportation
 i - 4 scrolls of amnesia
 r - a scroll of enchant armour
 B - a scroll of remove curse
Potions
 e - a potion of might {unknown}
 o - a potion of brilliance {unknown}
 p - a potion of lignification {unknown}
 t - a potion of curing
 z - a potion of degeneration {unknown}
Books
 b - a book of Frost

   Spells                             Type                      Level
   a - Freeze                         Ice                          1
   b - Throw Frost                    Conjuration/Ice              2
   c - Ozocubu's Armour               Charms/Ice                   3
   d - Throw Icicle                   Conjuration/Ice              4
   e - Summon Ice Beast               Ice/Summoning                4
 d - a book of Summonings

   Spells                             Type                      Level
   a - Recall                         Summoning/Translocation      3
   b - Aura of Abjuration             Summoning                    5
   c - Summon Demon                   Summoning                    5
   d - Summon Forest                  Summoning/Translocation      5
   e - Summon Mana Viper              Hexes/Summoning              5
   f - Shadow Creatures               Summoning                    6
Comestibles
 c - 4 bread rations
 g - a chunk of flesh
 m - 2 meat rations
 v - 2 royal jellies


   Skills:
 - Level 2.4 Dodging
 - Level 2.4 Stealth
 - Level 6.0 Spellcasting
 * Level 3.7 Conjurations
 + Level 6.7 Ice Magic


You had 4 spell levels left.
You knew the following spells:

 Your Spells              Type           Power        Failure   Level  Hunger
a - Freeze                Ice            ####         1%          1    None
b - Throw Frost           Conj/Ice       ####..       1%          2    None
c - Ozocubu's Armour      Chrm/Ice       ###.....     8%          3    ##.....
d - Throw Icicle          Conj/Ice       ####....     12%         4    ####...
e - Summon Ice Beast      Ice/Summ       ###.....     26%         4    ####...


Dungeon Overview and Level Annotations

Branches:
Dungeon (5/15)
 Temple: D:4-7

Altars:
Ashenzari
Dithmenos
Nemelex Xobeh
Vehumet
Zin
The Shining One

Annotations:
D:4 2 transporters


Message History

You closely miss the orc wizard.
The orc wizard is moderately wounded.
The orc wizard casts a spell at you. The puff of flame hits you! You resist.
* * * LOW HITPOINT WARNING * * *
The heat melts your icy armour.
You hit the orc wizard.
The orc wizard is heavily wounded.
The orc wizard hits you with an enchanted dagger.
* * * LOW HITPOINT WARNING * * *
Casting: Freeze
Confirm with . or Enter, or press ? or * to list all spells.
Aiming: Freeze
Press: ? - help, Shift-Dir - straight line, f - orc wizard
Aim: an orc wizard, wielding an enchanted dagger and wearing a robe You freeze the orc wizard.
The orc wizard is heavily wounded.
The orc wizard gestures at you while chanting.
The puff of flame hits you! You resist.
You die...

..[...$......#.####.##...
.............)....#.....#
..........W.......#......
........................#
......................#
..................##....
....(..........#.## #.##
....##)..oo#####..# #.#
### #####@# ##.# #.# #.#
#.# #.# #.# #.###.# #..#
#..##.# ##..# ##.##.# #.#
#..<.# .. ###..# #.# ##.#
.# ###


You could see a phantom and 2 orc wizards.

Vanquished Creatures
  A phantom (D:4)
  A howler monkey (D:4)
  An orc priest (D:3)
  Jessica (D:2)
  Crazy Yiuf (D:2)
  4 orc wizards
  2 worker ants
  Robin (D:3)
  A howler monkey skeleton (D:4)
  3 adders
  An ooze (D:3)
  A worm (D:1)
  5 dart slugs
  A leopard gecko (D:3)
  17 orcs
  2 ball pythons
  3 giant cockroaches
  12 goblins
  11 hobgoblins
  3 jackals
  7 kobolds
  2 quokkas
  13 bats
  7 frilled lizards
  5 rats
106 creatures vanquished.

Notes
Turn   | Place    | Note
-------+----------+-------------------------------------------
     0 | D:1      | hilaritas the Deep Elf Ice Elementalist began the quest for the Orb.
     0 | D:1      | Reached XP level 1. HP: 10/10 MP: 6/6
   230 | D:1      | Reached XP level 2. HP: 10/15 MP: 4/8
   502 | D:1      | Learned a level 2 spell: Throw Frost
   974 | D:1      | Reached XP level 3. HP: 10/19 MP: 3/9
  1275 | D:2      | Found a glowing silver altar of Zin.
  1317 | D:2      | Found a sparkling altar of Nemelex Xobeh.
  1448 | D:2      | Found a shattered altar of Ashenzari.
  1638 | D:2      | Noticed Jessica
  1642 | D:2      | Killed Jessica
  1642 | D:2      | Reached skill level 5 in Ice Magic
  1642 | D:2      | Reached XP level 4. HP: 23/24 MP: 7/10
  1688 | D:2      | Learned a level 3 spell: Ozocubu's Armour
  2057 | D:2      | Found a shadowy altar of Dithmenos.
  2083 | D:2      | Found a runed door.
  2801 | D:2      | Noticed Crazy Yiuf
  2804 | D:2      | Killed Crazy Yiuf
  2947 | D:3      | Noticed Robin
  2977 | D:3      | Killed Robin
  2987 | D:3      | Reached XP level 5. HP: 17/28 MP: 0/14
  3120 | D:3      | Learned a level 4 spell: Throw Icicle
  3240 | D:3      | Reached skill level 5 in Spellcasting
  3764 | D:3      | Found a radiant altar of Vehumet.
  3768 | D:3      | Became a worshipper of Vehumet
  4288 | D:4      | Reached XP level 6. HP: 25/32 MP: 11/17
  4303 | D:4      | Learned a level 4 spell: Summon Ice Beast
  4621 | D:4      | Found a glowing golden altar of the Shining One.
  4841 | D:4      | Found a transporter.
  4841 | D:4      | Found a transporter.
  4954 | D:4      | Reached XP level 7. HP: 30/36 MP: 12/18
  5177 | D:5      | Entered Level 5 of the Dungeon
  5232 | D:5      | HP: 1/36 [orc wizard/enchanted dagger (2)]
  5233 | D:5      | Killed from afar by an orc wizard

Skill      XL: |  1  2  3  4  5  6 |
---------------+-------------------+-----
Ice Magic      | 4 5 6 |  6.7
Conjurations   | 2 3 |  3.7
Spellcasting   | 4 6 |  6.0
Dodging        | |  2.4
Stealth        | |  2.4

Action                   |  1- 3 |  4- 6 |  7- 9 || total
-------------------------+-------+-------+-------++-------
Melee: Unarmed           |     1 |       |       ||     1
       Short sword       |     1 |    22 |       ||    23
       Dagger            |       |    48 |    12 ||    60
 Cast: Freeze            |    47 |   123 |     8 ||   178
       Throw Frost       |       |    10 |     2 ||    12
       Ozocubu's Armour  |       |     5 |     1 ||     6
       Throw Icicle      |       |     1 |       ||     1
  Use: Potion            |     1 |     1 |     1 ||     3
       Scroll            |       |     9 |       ||     9
  Eat: Chunk             |     2 |    11 |       ||    13
Armor: Robe              |     4 |    55 |     5 ||    64
Dodge: Dodged            |    24 |   111 |     4 ||   139
